 Dungeon Crawl Stone Soup version 0.27.1-3-gb3d3a73c9e (webtiles) character file.

Game seed: 9605806325411858114

5018 MisterFreud the Martial Artist (level 10, -2/83 HPs)
             Began as a Black Draconian Transmuter on Oct 10, 2021.
             Was a Believer of the Shining One.
             Slain by a killer bee (7 damage)
             ... on level 8 of the Dungeon.
             The game lasted 00:16:37 (9210 turns).

MisterFreud the Martial Artist (DrTm)               Turns: 9210, Time: 00:16:38

Health: -2/83      AC:  9    Str: 12    XL:     10   Next: 30%
Magic:  14/14      EV: 13    Int: 16    God:    the Shining One [**....]
Gold:   458        SH:  0    Dex: 13    Spells: 9/15 levels left

rFire    . . .     SeeInvis .     - Unarmed
rCold    . . .     Faith    .   (no shield)
rNeg     + . .     Spirit   .   (armour unavailable)
rPois    .         Reflect  .   (helmet restricted)
rElec    +         Harm     .   (no cloak)
rCorr    .         Rampage  .   (no gloves)
Will     .....                  k - +1 pair of boots
Stlth    +.........             (no amulet)
HPRegen  0.23/turn              b - ring of flight
MPRegen  0.14/turn              (no ring)

@: about to teleport, flying, glowing
A: breathe lightning, AC +7, unfitting armour, electricity resistance,
cold-blooded
a: Breathe Lightning, Renounce Religion, Divine Shield


You were on level 8 of the Dungeon.
You worshipped the Shining One.
The Shining One was pleased with you.
You visited 1 branch of the dungeon, and saw 8 of its levels.

You collected 458 gold pieces.

Inventory:

Armour
 k - a +1 pair of boots (worn)
Jewellery
 b - a ring of flight (left hand)
Scrolls
 d - a scroll of magic mapping
 f - a scroll of enchant armour
 j - a scroll of enchant weapon {unknown}
 l - 2 scrolls of vulnerability {unknown}
 n - 5 scrolls of teleportation
 o - a scroll of fear {unknown}
 r - a scroll of summoning
 s - a scroll of acquirement {unknown}
 u - 2 scrolls of fog
 v - a scroll of silence {unknown}
 x - a scroll of amnesia {unknown}
Potions
 a - a potion of ambrosia
 c - 2 potions of heal wounds
 e - 3 potions of might
 g - 3 potions of resistance
 h - a potion of curing
 i - a potion of lignification
 m - a potion of cancellation
 p - a potion of magic {unknown}
 q - a potion of brilliance {unknown}
 t - a potion of attraction {unknown}
 w - a potion of haste {unknown}


   Skills:
 - Level 6.0 Fighting
 + Level 4.0 Dodging
 - Level 10.0 Unarmed Combat
 - Level 3.0 Spellcasting
 - Level 9.0 Transmutations
 + Level 4.1 Invocations


You had 9 spell levels left.
You knew the following spells:

 Your Spells              Type           Power      Damage    Failure   Level
a - Beastly Appendage     Tmut           62%        N/A       1%          1
b - Wereblood             Tmut           31%        N/A       1%          2
c - Spider Form           Tmut/Pois      8%         N/A       9%          3

Your spell library contained the following spells:

 Spells                   Type           Power      Damage    Failure   Level
 Passwall                 Tmut/Erth      13%        N/A       4%          2
 Sandblast                Erth           4%         2d4       19%         1
 Ice Form                 Ice/Tmut       16%        N/A       28%         4
 Lee's Rapid Deconstruct  Erth           1%         3d5*      99%         5


Dungeon Overview and Level Annotations

Branches:
Dungeon (8/15)             Temple (0/1) D:5            Lair (0/6) D:8

Altars:
Dithmenos
Makhleb
Nemelex Xobeh
Okawaru
Ru
Uskayaw
Vehumet
Xom
Yredelemnul
The Shining One

Shops:
D:8 [


Innate Abilities, Weirdness & Mutations

You can breathe wild blasts of lightning.
Your glossy black scales are hard. (AC +7)
You cannot fit into any form of body armour.
You are resistant to electric shocks. (rElec)
You are cold-blooded and may be slowed by cold attacks.


Message History

The killer bee barely misses you.
You feel sick. The killer bee misses you. The killer bee stings you.
* * * LOW HITPOINT WARNING * * *
You are lethally poisoned!
The killer bee poisons you!
Unknown command.
As you read the scroll of teleportation, it crumbles to dust.
You feel strangely unstable.
* * * LOW HITPOINT WARNING * * *
You feel sick.
The killer bee stings you but does no damage.
The killer bee closely misses you. x2; The killer bee stings you.
* * * LOW HITPOINT WARNING * * *
The killer bee stings you but does no damage.
The killer bee closely misses you.
You feel better. The killer bee stings you!
* * * LOW HITPOINT WARNING * * *
The killer bee stings you but does no damage. x2
The killer bee barely misses you.
The killer bee stings you but does no damage.
The killer bee closely misses you.
The killer bee stings you but does no damage.
The centaur zombie hits you but does no damage.
The centaur zombie barely misses you. The killer bee barely misses you.
The killer bee stings you but does no damage.
Unknown command.
The killer bee stings you.
* * * LOW HITPOINT WARNING * * *
The killer bee stings you.
* * * LOW HITPOINT WARNING * * *
The killer bee stings you but does no damage.
The killer bee barely misses you.
Unknown command.
Unknown command.
Unknown command.
Unknown command.
Unknown command.
Unknown command.
The killer bee stings you!
You die...

#............#.##.....#.
#...............+.......
#..#.......#.#.##....###
#..##......#.#.##.......
#..##......#.#.##.......
#..##.....<#.#..+.......
#..##......#.####....#..
#..##.##.#.#.# #....+.. .
...##+#@.#'#.####....##.
.. #.y.yy...............
#.. +.yyZ................
#... #..y..≈...≈≈...≈.....
$...?#......≈≈≈≈≈.≈.≈≈....
...........≈≈≈≈≈≈.≈.≈≈....
....$........≈≈≈≈.≈≈≈≈≈...
...........≈..≈≈≈.≈≈≈≈≈...
......#+##..≈≈≈≈≈.≈≈≈≈....


You could see 6 killer bees and a centaur zombie.

Vanquished Creatures
  2 trolls
  A hornet (D:5)
  A wraith (D:7)
  Sigmund (D:2)
  9 yaks (D:8)
  Eustachio (D:6)
  2 water moccasins
  A black bear (D:5)
  2 necrophages (D:5)
  2 orc warriors
  4 ogres
  5 wolves
  A kobold brigand (D:8)
  2 wyvern zombies (D:6)
  4 scorpions
  3 electric eels (D:8)
  6 hounds
  3 orc priests
  2 iguanas
  6 orc wizards
  2 scorpion zombies
  A killer bee zombie (D:6)
  5 adders
  2 ufetubi (D:5)
  2 adder zombies (D:3)
  4 worms
  2 dart slugs
  20 orcs
  12 endoplasms
  A giant cockroach (D:3)
  9 goblins
  3 hobgoblins
  A jackal (D:4)
  A quokka (D:2)
  9 ball pythons
  8 bats
  5 frilled lizards
  5 kobolds
  4 rats
154 creatures vanquished.

Notes
Turn   | Place    | Note
-------+----------+-------------------------------------------
     0 | D:1      | MisterFreud the Draconian Transmuter began the quest for
                  | the Orb.
     0 | D:1      | Reached XP level 1. HP: 16/16 MP: 3/3
   186 | D:1      | Reached XP level 2. HP: 20/23 MP: 3/5
   409 | D:1      | Learned a level 2 spell: Wereblood
   666 | D:2      | Noticed a scorpion
   677 | D:2      | Killed a scorpion
   678 | D:2      | Reached XP level 3. HP: 26/28 MP: 4/6
   678 | D:2      | Reached XP level 4. HP: 33/35 MP: 4/7
   757 | D:2      | Noticed Sigmund
  1259 | D:2      | Learned a level 3 spell: Spider Form
  1414 | D:2      | Killed Sigmund
  1415 | D:2      | Reached skill level 5 in Unarmed Combat
  1415 | D:2      | Reached XP level 5. HP: 27/40 MP: 3/8
  1753 | D:2      | Noticed an ogre
  1767 | D:2      | Killed an ogre
  1768 | D:2      | Reached skill level 6 in Unarmed Combat
  1768 | D:2      | Reached XP level 6. HP: 47/47 MP: 6/9
  2063 | D:3      | Found a sparkling altar of Nemelex Xobeh.
  2320 | D:3      | Found a basalt altar of Yredelemnul.
  2518 | D:3      | Found a faded altar of an unknown god.
  2563 | D:3      | Found a hide-covered altar of Uskayaw.
  2876 | D:3      | Became a worshipper of the Shining One
  2876 | D:3      | Reached * piety under the Shining One
  2930 | D:4      | Found a shimmering altar of Xom.
  3062 | D:4      | Reached skill level 5 in Transmutations
  3062 | D:4      | Your scales start taking on a glossy black colour.
  3062 | D:4      | Reached XP level 7. HP: 51/52 MP: 9/11
  3062 | D:4      | Gained mutation: You are resistant to electric shocks.
                  | (rElec) [Black Draconian growth]
  3704 | D:5      | Entered Level 5 of the Dungeon
  4177 | D:5      | Found a staircase to the Ecumenical Temple.
  4549 | D:5      | Reached XP level 8. HP: 31/59 MP: 8/12
  4982 | D:6      | Noticed a hornet
  4984 | D:6      | Paralysed by a hornet for 2 turns
  4988 | D:5      | Paralysed by a hornet for 1 turns
  4988 | D:5      | HP: 2/59 [hornet (11)]
  5001 | D:5      | Killed a hornet
  6140 | D:6      | Noticed Eustachio
  6158 | D:6      | Killed Eustachio
  6158 | D:6      | Reached ** piety under the Shining One
  6159 | D:6      | Reached skill level 7 in Unarmed Combat
  6320 | D:6      | Reached XP level 9. HP: 71/71 MP: 9/13
  6380 | D:6      | Found a radiant altar of Vehumet.
  6406 | D:6      | Noticed a troll
  6422 | D:6      | Killed a troll
  6423 | D:6      | Reached skill level 5 in Fighting
  6733 | D:6      | Found a glowing golden altar of the Shining One.
  7559 | D:7      | Reached skill level 8 in Unarmed Combat
  7790 | D:7      | Found a sacrificial altar of Ru.
  7791 | D:7      | Found an iron altar of Okawaru.
  7792 | D:7      | Found a shadowy altar of Dithmenos.
  7792 | D:7      | Found a burning altar of Makhleb.
  8131 | D:8      | Reached skill level 9 in Unarmed Combat
  8245 | D:8      | Noticed a troll
  8258 | D:8      | Killed a troll
  8264 | D:7      | Reached skill level 10 in Unarmed Combat
  8518 | D:7      | Reached skill level 1 in Invocations
  8758 | D:8      | Found Gajaegu's Armour Boutique.
  8774 | D:8      | Reached XP level 10. HP: 78/83 MP: 9/14
  8836 | D:8      | Found a staircase to the Lair.
  9210 | D:8      | Slain by a killer bee

Illustrated notes

Levels and vault maps discovered:
D:1:      minmay_arrival_stone_box, layout_rooms
D:2:      layout_basic, minmay_tall_x, uniq_sigmund
D:3:      layout_loops_ring, nicolae_yredelemnul_corpse_copse,
          mainiacjoe_overflow_small_starburst, lemuel_crystal_altar,
          shapermc_ecumenical_altar_venn
D:4:      layout_loops_ring, old_standard_altar, st_stairs_9
D:5:      layout_rooms, minmay_temple_entry_fiery
D:6:      layout_cave_pools, mainiacjoe_overflow_concentric_impassable,
          nicolae_tso_carved_into_rock, uniq_eustachio
D:7:      layout_gridville, grunt_temple_overflow_open,
          chequers_serial_rivers_micro_c
D:8:      layout_basic, marbit_many_paths, mainiacjoe_overflow_alcove_1,
          erik_lair_island, serial_shops, nicolae_shop_window_shopping,
          chequers_mini_garden, minivault_5, st_stairs_4

Skill      XL: |  1  2  3  4  5  6  7  8  9 10 |
---------------+-------------------------------+-----
Transmutations | 4 5 7 9 |  9.0
Unarmed Combat | 5 6 7 10 | 10.0
Spellcasting   | 3 |  3.0
Fighting       | 4 6 |  6.0
Dodging        | 2 4 |  4.0
Invocations    | 1 4 |  4.1

Action                   |  1- 3 |  4- 6 |  7- 9 | 10-12 || total
-------------------------+-------+-------+-------+-------++-------
Melee: Unarmed           |    42 |   167 |   304 |    49 ||   562
       Kick              |     8 |    15 |    21 |       ||    44
       Headbutt          |     9 |     9 |    11 |       ||    29
       Tailslap          |     3 |    19 |    20 |       ||    42
       Punch             |       |     4 |     1 |       ||     5
 Cast: Beastly Appendage |    12 |    22 |     7 |       ||    41
       Wereblood         |       |     4 |    11 |     3 ||    18
       Spider Form       |       |     2 |    17 |     4 ||    23
 Abil: Breathe Lightning |       |       |     8 |       ||     8
       End Transformatio |       |       |     2 |       ||     2
  Use: Scroll            |       |       |    11 |     1 ||    12
       Potion            |       |       |     4 |     1 ||     5
 Stab: Sleeping          |       |     1 |       |       ||     1
Armor: Skin              |    12 |    55 |    82 |    15 ||   164
Dodge: Dodged            |    30 |   116 |   239 |    44 ||   429
